 Dungeon Crawl Stone Soup version 0.29.1-2-gbd0b4ee654 (webtiles) character file.

Game seed: 11025917843138933963

19 xian the Gusty (level 2, -1/13 HPs)
             Began as a Tengu Air Elementalist on Oct 29, 2022.
             Was a Follower of Uskayaw.
             Slain by an adder (4 damage)
             ... on level 1 of the Dungeon.
             The game lasted 00:02:44 (845 turns).

xian the Gusty (Tengu Air Elementalist)              Turns: 845, Time: 00:02:45

Health: -1/13      AC:  3    Str:  8    XL:     2   Next: 75%
Magic:  0/6        EV: 11    Int: 15    God:    Uskayaw [*.....]
Gold:   68         SH:  0    Dex: 14    Spells: 4/5 levels left

rFire   . . .      SeeInvis .   d - +0 short sword
rCold   . . .      Faith    .   (no shield)
rNeg    . . .      Spirit   .   i - +0 leather armour
rPois   .          Reflect  .   (helmet restricted)
rElec   .          Harm     .   (no cloak)
rCorr   .          Rampage  .   (no gloves)
Will    +....                   (boots unavailable)
Stlth   ++........              (no amulet)
HPRegen 0.04/turn               k - ring of willpower
MPRegen 0.10/turn               (no ring)

@: flying
A: beak, talons 3, frail 1, wild magic 1
a: Renounce Religion, Stomp


You were on level 1 of the Dungeon.
You worshipped Uskayaw.
Uskayaw was noncommittal.
You visited 1 branch of the dungeon, and saw 2 of its levels.

You collected 68 gold pieces.

Inventory:

Hand Weapons
 d - a +0 short sword (weapon)
Armour
 e - an orb of energy
 i - a +0 leather armour (worn)
Jewellery
 k - a ring of willpower (left hand)
Scrolls
 c - a scroll of blinking {unknown}
 g - a scroll of enchant weapon {unknown}
 h - a scroll of noise {unknown}
Potions
 b - a potion of magic


   Skills:
 + Level 2.3 Dodging
 + Level 2.1 Stealth
 + Level 2.2 Spellcasting
 + Level 1.8 Conjurations
 + Level 4.5 Air Magic


You had 4 spell levels left.
You knew the following spells:

 Your Spells              Type           Power      Damage    Failure   Level
a - Shock                 Conj/Air       56%        1d6       13%         1

Your spell library contained the following spells:

 Spells                   Type           Power      Damage    Failure   Level
 Static Discharge         Conj/Air       14%        3-5/arc   19%         2
 Swiftness                Air            19%        N/A       21%         3
 Airstrike                Air            9%         2d(2-18)  52%         4


Dungeon Overview and Level Annotations

Branches:
Dungeon (2/15)

Altars:
Uskayaw


Innate Abilities, Weirdness & Mutations

You have a beak for a mouth.
You have claws for feet.
You are frail. (-10% HP)
Your spells are a little harder to cast, but a little more powerful.


Message History

The adder bites you.
You are poisoned.
The adder poisons you!
The zap hits the adder.
The adder is moderately wounded.
The zap hits the endoplasm.
You kill the endoplasm!
You feel sick. The adder bites you.
Unknown command.
You closely miss the adder.
The adder is moderately wounded.
* * * LOW HITPOINT WARNING * * *
You feel sick. The adder bites you.
* * * LOW HITPOINT WARNING * * *
You are more poisoned.
The adder poisons you! The adder misses you.
It was a potion of mutation.
You feel extremely strange.
You feel less in control of your magic.
You feel frail.
* * * LOW HITPOINT WARNING * * *
You feel sick. The adder closely misses you.
It was a potion of curing.
You feel better. The adder closely misses you.
Unknown command.
You are too injured to fight recklessly!
Aiming: Shock (safe; 13% risk of failure)
Press: ? - help, Q - select action, (/) - cycle Shift-Dir - straight line, f/p - adder
Aim: an adder (moderately wounded, 53% to hit)
The zap misses the adder.
The adder bites you.
Unknown command.
It was a potion of flight.
You feel very buoyant.
You fly up into the air.
The adder bites you but does no damage. The adder bites you.
* * * LOW HITPOINT WARNING * * *
Unknown command.
The adder attacks as you move away! The adder bites you but does no damage.
You barely miss the adder. Your kick misses the adder. You peck the adder.
The adder is heavily wounded.
The adder bites you.
You die...

### #.. #.# #.#
#####################.#
########....S@................
#........###################.#
#...>............###....# #.#
#.###.........##........# #.#
#.###.#.#####.######....####.#
###.....#####)#### #....'.#...
#.#.####.......###....#.#...
#...# #.....(...######.#...
###.# #...........# #.....


You could see an adder.

Vanquished Creatures
  A dart slug (D:1)
  A ball python (D:1)
  3 endoplasms (D:1)
  A hobgoblin (D:1)
  4 kobolds (D:1)
  A bat (D:1)
  2 frilled lizards
  A goblin (D:2)
  3 rats (D:1)
17 creatures vanquished.

Notes
Turn   | Place    | Note
-------+----------+-------------------------------------------
     0 | D:1      | xian the Tengu Air Elementalist began the quest for the
                  | Orb.
     0 | D:1      | Reached XP level 1. HP: 10/10 MP: 4/4
   144 | D:1      | Found a faded altar of an unknown god.
   194 | D:1      | Reached XP level 2. HP: 15/15 MP: 0/6
   574 | D:1      | Prayed at the altar of an unknown god.
   574 | D:1      | Became a worshipper of Uskayaw the Reveller
   574 | D:1      | Reached * piety under Uskayaw
   689 | D:1      | Reached ** piety under Uskayaw
   839 | D:1      | Gained mutation: Your spells are a little harder to cast,
                  | but a little more powerful. [potion of mutation]
   839 | D:1      | Gained mutation: You are frail. (-10% HP) [potion of
                  | mutation]
   845 | D:1      | Slain by an adder

Illustrated notes

Levels and vault maps discovered:
D:1:      lemuel_arrival_hallway, layout_basic,
          hellmonk_ecumenical_altar_crossroads, hangedman_decor_clover_reticule
D:2:      layout_basic

Action                   || total
-------------------------++-------
Melee: Short sword       ||     4
       Kick              ||     1
       Peck              ||     1
 Cast: Shock             ||    32
  Use: Potion            ||     3
Armor: Leather armour    ||     7
Dodge: Dodged            ||    19
